 Dungeon Crawl Stone Soup version 0.29-a0-857-g9b1aa3ac5b (webtiles) character file.

Game seed: 4406413488523059015

16 nxtlvl the Cutter (level 2, 0/18 HPs)
             Began as a Deep Elf Monk on July 17, 2022.
             Slain by a dart slug (1 damage)
             ... on level 1 of the Dungeon.
             The game lasted 00:01:07 (365 turns).

nxtlvl the Cutter (Deep Elf Monk)                    Turns: 365, Time: 00:01:08

Health: 0/18       AC:  2    Str:  8    XL:     2   Next: 37%
Magic:  4/4        EV: 13    Int: 14    God:
Gold:   14         SH:  0    Dex: 17    Spells: 1/1 levels left

rFire   . . .      SeeInvis .   a - +0 short sword
rCold   . . .      Faith    .   (no shield)
rNeg    . . .      Spirit   .   b - +0 robe
rPois   .          Reflect  .   (no helmet)
rElec   .          Harm     .   (no cloak)
rCorr   .          Rampage  .   (no gloves)
Will    .....                   (no boots)
Stlth   ++........              (no amulet)
HPRegen 0.06/turn               (no ring)
MPRegen 0.09/turn               (no ring)

@: no status effects
A: no striking features
a: no special abilities


You were on level 1 of the Dungeon.
You visited 1 branch of the dungeon, and saw 1 of its levels.

You collected 14 gold pieces.

Inventory:

Hand Weapons
 a - a +0 short sword (weapon)
Armour
 b - a +0 robe (worn)
Scrolls
 d - a scroll of noise {unknown}
 f - a scroll of fear {unknown}
 g - a scroll of brand weapon {unknown}
Potions
 c - a potion of ambrosia
 e - 3 potions of curing {unknown}


   Skills:
 - Level 2.4 Fighting
 * Level 3.8 Short Blades
 - Level 3.6 Dodging
 - Level 2.4 Stealth


You had one spell level left.
You didn't know any spells.
Your spell library was empty.

Dungeon Overview and Level Annotations

Branches:
Dungeon (1/15)

Altars:


Message History

The slug dart misses you. The bat hits you but does no damage.
The bat hits you. The bat attacks as you move away! The bat closely misses you.
The dart slug launches a dart at you. The slug dart hits you. The bat hits you.
The bat hits you.
* * * LOW HITPOINT WARNING * * *
The bat hits you but does no damage. The bat hits you but does no damage.
The bat barely misses you. The bat hits you.
* * * LOW HITPOINT WARNING * * *
You closely miss the bat. The bat barely misses you.
The bat closely misses you.
You closely miss the bat. The bat hits you but does no damage.
You completely miss the bat. The bat closely misses you. The bat hits you.
* * * LOW HITPOINT WARNING * * *
You hit the bat.
The bat is moderately wounded.
The bat misses you. The bat barely misses you.
You hit the bat but do no damage.
The bat is moderately wounded.
The bat misses you.
You hit the bat but do no damage.
The bat is moderately wounded.
The bat closely misses you. The bat barely misses you.
You hit the bat.
The bat is heavily wounded.
The bat misses you.
You hit the bat but do no damage.
The bat is heavily wounded.
The bat closely misses you. The bat barely misses you.
You barely miss the bat.
The bat is heavily wounded.
The bat misses you. The bat barely misses you. x2
You hit the bat.
You kill the bat!
The dart slug bites you.
* * * LOW HITPOINT WARNING * * *
You hit the dart slug but do no damage. The dart slug bites you.
You die...

#..... ♣....♣♣♣ #
#####.#.. #......♣ #
............. ###.....♣♣
..........#w##...##.♣...♣♣
###### #......# ####....
#....# ###.#####. ###..
#....# #..?......# #.###
#....# #w######### #.##
#....# #@# ####... #....#
#.# #.....# ####..).####.#
#.##.## #............#
#..# #.########....# ##.#
#.## ####.##.#########
##.# ##..####....#
.......... #...
#........##.#
#############..#
#.#.##.#.##..
.............#.


You could see a dart slug.

Vanquished Creatures
  A dart slug (D:1)
  An endoplasm (D:1)
  4 goblins (D:1)
  A hobgoblin (D:1)
  A quokka (D:1)
  2 bats (D:1)
  2 frilled lizards (D:1)
12 creatures vanquished.

Notes
Turn   | Place    | Note
-------+----------+-------------------------------------------
     0 | D:1      | nxtlvl the Deep Elf Monk began the quest for the Orb.
     0 | D:1      | Reached XP level 1. HP: 13/13 MP: 3/3
   275 | D:1      | Reached XP level 2. HP: 8/18 MP: 4/4
   365 | D:1      | Slain by a dart slug

Illustrated notes

Levels and vault maps discovered:
D:1:      sevenhm_arrival_forest_fort_large_3, layout_loops_cross,
          serial_co_window_serial, co_window_of_opportunity_a,
          co_window_corner_a, co_window_paths_a, co_window_paths_a,
          co_window_corner_a, co_window_of_opportunity_c,
          co_window_unsneaky_path_d, co_window_corner_ca,
          co_window_of_opportunity_c, co_window_unsneaky_path_c,
          co_window_2corner, co_window_of_opportunity_b, co_window_paths_d,
          glass_columns_a, glass_columns_b, minmay_small_reverse_x

Action                   || total
-------------------------++-------
Melee: Short sword       ||    41
       Punch             ||     1
 Stab: Sleeping          ||     3
Armor: Robe              ||     9
Dodge: Dodged            ||    39

Table legend: (Time is in decaauts)
 A = Elapsed time spent in this place.
 B = Non-inter-level travel time spent in this place.
 C = Inter-level travel time spent in this place.
 D = Time resting spent in this place.
 E = Time spent auto-exploring this place.
 F = Levels seen in this place.
 G = Mean time per level.
                   A        B        C        D        E       F      G
               +--------+--------+--------+--------+--------+-----+--------+
         Total |    362 |    362 |      0 |      0 |    215 |   1 |  362.0 |
       Dungeon |    362 |    362 |      0 |      0 |    215 |   1 |  362.0 |
               +--------+--------+--------+--------+--------+-----+--------+

Top non-repeatable levels by time:
     D:1: 362 daAuts
